 Dungeon Crawl Stone Soup version 0.30-a0-639-g3916f1956a (webtiles) character file.

Game seed: 6348954517130827013

2790 timneilson the Slasher (level 9, -4/68 HPs)
             Began as a Demonspawn Gladiator on Jan 15, 2023.
             Was a Believer of Qazlal.
             Slain by a yak (12 damage)
             ... on level 8 of the Dungeon on Jan 16, 2023.
             The game lasted 00:08:09 (5569 turns).

timneilson the Slasher (Demonspawn Gladiator)       Turns: 5569, Time: 00:08:10

Health: -4/68      AC: 11    Str: 24    XL:     9   Next: 43%
Magic:  12/12      EV: 10    Int: 11    God:    Qazlal [**....]
Gold:   383        SH:  2    Dex: 14    Spells: 8/8 levels left

rFire   . . .      SeeInvis .    a - +0 long sword
rCold   . . .      Faith    .    (no shield)
rNeg    . . .      Spirit   .    l - +0 chain mail
rPois   .          Reflect  .    (helmet restricted)
rElec   .          Harm     .    i - +0 cloak
rCorr   .          Rampage  .    (no gloves)
Will    +....                    (no boots) Stlth
                                 r - amulet of the acrobat
HPRegen 0.31/turn                f - ring of willpower
MPRegen 0.13/turn                b - +6 ring of strength

@: no status effects
A: antennae 2, foul stench 1, spiny 1, weakness stinger 1, demonic touch 2
a: Renounce Religion, Upheaval


You were on level 8 of the Dungeon.
You worshipped Qazlal.
Qazlal was pleased with you.
You visited 2 branches of the dungeon, and saw 9 of its levels.

You collected 383 gold pieces.

Inventory:

Hand Weapons
 a - a +0 long sword (weapon)
Missiles
 d - 7 throwing nets (quivered)
 e - a javelin
Armour
 i - a +0 cloak (worn)
 l - a +0 chain mail (worn)
Jewellery
 b - a +6 ring of strength (right hand)
 f - a ring of willpower (left hand)
 r - an amulet of the acrobat (around neck)
Scrolls
 m - 2 scrolls of teleportation
 w - a scroll of fog
Potions
 c - a potion of might {unknown}
 h - 4 potions of mutation
 j - 5 potions of haste
 k - a potion of ambrosia {unknown}
 n - 3 potions of brilliance
 o - 3 potions of curing
 p - 4 potions of lignification
 q - 3 potions of resistance
 s - a potion of invisibility {unknown}
 t - a potion of attraction {unknown}
 v - a potion of magic {unknown}


   Skills:
 + Level 5.4 Fighting
 * Level 7.1 Long Blades
 - Level 1.7 Throwing
 * Level 6.4 Armour
 + Level 5.3 Dodging
 + Level 5.0 Invocations


You had 8 spell levels left.
You didn't know any spells.
Your spell library contained the following spells:

 Spells                   Type           Power      Damage    Failure   Level
 Sandblast                Erth           0%         2d4       92%         1
 Passwall                 Tmut/Erth      0%         N/A       98%         2
 Ignite Poison            Fire/Tmut/Pois 0%         N/A       100%        3
 Kindle Blastsparks       Fire/Tloc/Air  0%         2d10      100%        3
 Stone Arrow              Conj/Erth      0%         3d7       100%        3
 Freezing Cloud           Conj/Ice/Air   0%         6-21      100%        5


Dungeon Overview and Level Annotations

Branches:
Dungeon (8/15)             Temple (1/1) D:4
   Lair: D:8-11

Altars:
Ashenzari
Cheibriados
Dithmenos
Fedhas
Gozag
Hepliaklqana
Kikubaaqudgha
Nemelex Xobeh
Okawaru
Qazlal
Ru
Sif Muna
Uskayaw
Vehumet
Wu Jian
Xom
Yredelemnul

Annotations:
D:8 Maurice


Innate Abilities, Weirdness & Mutations

You have a pair of antennae on your head.
You may rarely emit foul miasma when damaged in melee.
You are partially covered in sharp spines.
You have a small tail.
Your touch may inflict irresistible damage on your foes.


Message History

Maurice zaps a wand.
The puff of flame hits you!
You hear some strange, mumbled words.
A puff of flame appears from out of thin air!
The puff of flame hits you! The yak is struck by your spines.
The yak gores you but does no damage.
The yak is engulfed in dark miasma.
The yak is poisoned.
The yak is struck by your spines. The yak gores you!
The howler monkey hoots and howls with incredible vigour!
You hit Maurice. You tail-slap Maurice.
Maurice is moderately wounded.
Maurice is engulfed in freezing vapours.
Maurice hits you with a +0 dagger of speed.
Maurice steals your fuming golden potion!
You hear some strange, mumbled words.
A magic dart appears from out of thin air!
The magic dart hits you!
* * * LOW HITPOINT WARNING * * *
The howler monkey is struck by your spines.
The howler monkey hits you.
* * * LOW HITPOINT WARNING * * *
The yak is engulfed in dark miasma.
The yak looks even sicker.
The yak gores you!
* * * LOW HITPOINT WARNING * * *
The yak gores you.
* * * LOW HITPOINT WARNING * * *
Unknown command.
Okay, then.
You feel better.
Maurice is engulfed in freezing vapours.
Maurice casts a spell.
Maurice flickers and vanishes!
The howler monkey is struck by your spines.
The howler monkey barely misses you. Qazlal accepts your kill.
Reactivating autopickup.
You feel a bit more experienced. The yak is struck by your spines.
The yak gores you.
* * * LOW HITPOINT WARNING * * *
The yak is engulfed in dark miasma.
The yak looks even sicker.
The yak is struck by your spines. The yak gores you!
You die...

##..............
#.............#
##............#
#...........##
##..........#
###..#######
#...## ##..h###
####{@...#
#...YY)..#
#.....Yh...#
#............#
#..............
..............#
............[(#
..............#
..............#


You could see 3 yaks and 2 howler monkeys.

Vanquished Creatures
  A komodo dragon (D:7)
  A water moccasin (D:7)
  A sky beast (D:7)
  An ogre (D:5)
  4 black bears
  An ice beast (D:7)
  A centaur (D:6)
  A phantom (D:7)
  3 bullfrogs
  2 scorpions
  7 wights
  3 killer bees (D:7)
  2 howler monkeys (D:8)
  An orc priest (D:2)
  6 hounds
  A jelly (D:6)
  Terence (D:2)
  Natasha (thrice) (D:3)
  4 iguanas
  5 orc wizards
  5 adders
  4 gnolls (D:6)
  2 shadow imps
  An ufetubus (D:5)
  2 worms
  4 dart slugs
  24 orcs
  5 bats
  9 endoplasms
  4 giant cockroaches
  14 goblins
  4 hobgoblins (D:4)
  3 jackals (D:2)
  10 kobolds
  10 quokkas
  6 ball pythons
  2 frilled lizards (D:3)
  9 rats
  A spectral orc (D:3)
168 creatures vanquished.

Notes
Turn   | Place    | Note
-------+----------+-------------------------------------------
     0 | D:1      | timneilson the Demonspawn Gladiator began the quest for the
                  | Orb.
     0 | D:1      | Reached XP level 1. HP: 16/16 MP: 1/1
   136 | D:1      | Discovered your monstrous ancestry.
   136 | D:1      | Gained mutation: Your touch may inflict minor irresistible
                  | damage on your foes. [demonic ancestry]
   136 | D:1      | Reached XP level 2. HP: 22/22 MP: 2/2
   164 | D:1      | Reached skill level 1 in Armour
   167 | D:1      | Reached skill level 3 in Long Blades
   322 | D:1      | Gained mutation: Your touch may inflict irresistible damage
                  | on your foes. [demonic ancestry]
   322 | D:1      | Reached XP level 3. HP: 27/27 MP: 3/3
   672 | D:2      | Gained mutation: You have a pair of small antennae on your
                  | head. [demonic ancestry]
   672 | D:2      | Reached XP level 4. HP: 12/34 MP: 4/4
   876 | D:2      | Noticed Terence
   886 | D:2      | Killed Terence
  1186 | D:2      | Gained mutation: You are partially covered in sharp spines.
                  | [demonic ancestry]
  1186 | D:2      | Reached XP level 5. HP: 35/39 MP: 5/5
  1515 | D:3      | Noticed a black bear
  1525 | D:3      | Killed a black bear
  1526 | D:3      | Reached skill level 4 in Long Blades
  1736 | D:3      | Noticed Natasha
  1744 | D:3      | Killed Natasha
  1745 | D:3      | Reached XP level 6. HP: 32/47 MP: 6/6
  1846 | D:3      | Noticed Natasha
  1849 | D:3      | Killed Natasha
  1947 | D:3      | Noticed Natasha
  1953 | D:3      | Killed Natasha
  1976 | D:3      | Found a basalt altar of Yredelemnul.
  2592 | D:4      | Found a staircase to the Ecumenical Temple.
  2610 | Temple   | Entered the Ecumenical Temple
  2664 | Temple   | Became a worshipper of Qazlal Stormbringer
  3070 | D:5      | Entered Level 5 of the Dungeon
  3092 | D:5      | Gained mutation: You may rarely emit foul miasma when
                  | damaged in melee. [demonic ancestry]
  3092 | D:5      | Reached XP level 7. HP: 52/52 MP: 7/7
  3249 | D:5      | Reached skill level 1 in Invocations
  3289 | D:5      | Found a blossoming altar of Fedhas.
  3289 | D:5      | Found an ancient bone altar of Kikubaaqudgha.
  3400 | D:5      | Reached skill level 5 in Long Blades
  3594 | D:5      | Gained mutation: You have a small tail. [demonic ancestry]
  3594 | D:5      | Reached XP level 8. HP: 53/60 MP: 9/9
  3953 | D:6      | Reached * piety under Qazlal
  3957 | D:6      | Reached skill level 5 in Armour
  4038 | D:6      | Reached skill level 6 in Long Blades
  4189 | D:6      | Found a shadowy altar of Dithmenos.
  4549 | D:7      | Found an opulent altar of Gozag.
  4638 | D:7      | Gained mutation: You have a pair of antennae on your head.
                  | [demonic ancestry]
  4638 | D:7      | Reached XP level 9. HP: 37/67 MP: 12/12
  4926 | D:7      | Noticed a komodo dragon
  4935 | D:7      | Killed a komodo dragon
  4935 | D:7      | Reached ** piety under Qazlal
  4936 | D:7      | Reached skill level 5 in Fighting
  4936 | D:7      | Reached skill level 5 in Dodging
  5155 | D:7      | Reached skill level 7 in Long Blades
  5495 | D:8      | Reached skill level 5 in Invocations
  5558 | D:8      | Noticed Maurice
  5569 | D:8      | Slain by a yak

Illustrated notes

Levels and vault maps discovered:
D:1:      beargit_arrival_greenhouse, layout_rooms
D:2:      layout_basic, uniq_terence
D:3:      layout_rooms, mainiacjoe_overflow_alcove_4,
          yredelemnul_forgotten_temple_becter, uniq_natasha
D:4:      layout_cave_pools, minmay_temple_entry_offerings
D:5:      layout_basic, grunt_temple_overflow_growth_and_decay, tso_metal_star
D:6:      layout_basic, mainiacjoe_overflow_alcove_1,
          nicolae_overflow_hidden_temple
D:7:      layout_cave_pools, nicolae_gozag_cash_rules_everything_around_me
D:8:      layout_cave_pods, nicolae_fountain_basement, uniq_maurice
Temple:   nicolae_temple_godzebo

Skill      XL: |  1  2  3  4  5  6  7  8  9 |
---------------+----------------------------+-----
Armour         | 1 2 3 4 5 6 |  6.4
Long Blades    | 3 4 5 6 7 |  7.1
Dodging        | 3 4 5 |  5.3
Fighting       | 3 4 5 |  5.4
Invocations    | 2 4 5 |  5.0
Throwing       | |  1.7

Action                   |  1- 3 |  4- 6 |  7- 9 || total
-------------------------+-------+-------+-------++-------
Melee: Long sword        |    99 |   112 |   134 ||   345
       Touch             |    12 |    21 |    27 ||    60
       Punch             |       |     3 |     1 ||     4
       Tailslap          |       |       |    15 ||    15
  Use: Scroll            |     4 |     6 |     4 ||    14
       Potion            |       |       |     1 ||     1
Armor: Leather armour    |    41 |       |       ||    41
       Chain mail        |       |    66 |    81 ||   147
Dodge: Dodged            |   109 |    41 |   100 ||   250
Block: Other             |       |       |     6 ||     6

Table legend: (Time is in decaauts)
 A = Elapsed time spent in this place.
 B = Non-inter-level travel time spent in this place.
 C = Inter-level travel time spent in this place.
 D = Time resting spent in this place.
 E = Time spent auto-exploring this place.
 F = Levels seen in this place.
 G = Mean time per level.
                   A        B        C        D        E       F      G
               +--------+--------+--------+--------+--------+-----+--------+
         Total |   5626 |   5430 |    196 |    122 |   4303 |   9 |  625.1 |
       Dungeon |   5493 |   5333 |    160 |    122 |   4222 |   8 |  686.6 |
        Temple |    132 |     96 |     36 |      0 |     81 |   1 |  132.0 |
               +--------+--------+--------+--------+--------+-----+--------+

Top non-repeatable levels by time:
     D:2: 1035 daAuts
     D:7: 961 daAuts
     D:5: 827 daAuts
     D:3: 778 daAuts
     D:4: 673 daAuts
     D:6: 635 daAuts
     D:1: 495 daAuts
  Temple: 132 daAuts
     D:8: 86 daAuts
